Cogmind - Beta 14 @@@ ROGUE MODE // 2025.01.07 @ 14:26:10 Player: jumpy Result: Destroyed by Y-45 Defender with Heavy Assault Rifle Performance ------------- Evolutions (1) 500 Regions Visited (2) 400 Robots Destroyed (43) 215 Value Destroyed (679) 679 Prototype IDs (1) 20 Alien Tech Used (0) 0 Bonus (0) 0 TOTAL SCORE: 1814 Bonus ------- None Cogmind --------- Core Integrity 0/400 Matter 273/300 Energy 125/125 System Corruption 6% Temperature Cool (12) Movement Rolling (80) Location -9/Materials Parts ------- > --- POWER (1) -------- Light Ion Engine > --- PROPULSION (2) --- Wheel Wheel > --- UTILITY (4) ------ Small Storage Unit Terrain Scanner Terrain Scan Processor Light Armor Plating > --- WEAPON (2) ------- Assault Rifle Light Cannon > --- INVENTORY (8) ---- Light Ion Engine Wheel ECM Suite Core Shielding Peak State ------------ > --- POWER ------------ Improved Ion Engine > --- PROPULSION ------- Light Treads Light Treads > --- UTILITY ---------- Small Storage Unit Improved Terrain Scanner Seismic Detector Core Shielding > --- WEAPON ----------- Small Laser Small Laser > --- INVENTORY -------- Ion Engine Improved Ion Engine ECM Suite Core Shielding Small Laser Assault Rifle Light Cannon Rocket Launcher [Rating: 13] Favorites ----------- Power Improved Ion Engine Engine Improved Ion Engine Propulsion Light Treads Treads Light Treads Wheel Wheel Flight Unit Improved Flight Unit Utility Small Storage Unit Device Seismic Detector Storage Small Storage Unit Processor Terrain Scan Processor Protection Core Shielding Weapon Small Laser Energy Gun Small Laser Ballistic Gun Assault Rifle Ballistic Cannon Light Cannon Launcher Rocket Launcher Build | -11 -10 -9 ------- Run | Yrd Mat Mat Slots Evolved 2 | . . 2 Power . | . . . Propulsion . | . . . Utility 2 | . . 2 Weapon . | . . . Parts Attached 28 | 7 2 19 Power 5 | 1 1 3 Engine 5 | 1 1 3 Core . | . . . Reactor . | . . . Propulsion 7 | 2 . 5 Treads 2 | 2 . . Leg . | . . . Wheel 4 | . . 4 Hover . | . . . Flight 1 | . . 1 Utility 7 | 2 . 5 Device 3 | 1 . 2 Storage 1 | 1 . . Processor 1 | . . 1 Hackware . | . . . Protection 2 | . . 2 Artifact . | . . . Weapon 9 | 2 1 6 Energy Gun 5 | 1 1 3 Energy Cannon . | . . . Ballistic Gun 2 | 1 . 1 Ballistic Cannon 1 | . . 1 Launcher 1 | . . 1 Special Weapon . | . . . Impact Weapon . | . . . Slashing Weapon . | . . . Piercing Weapon . | . . . Special Melee Weapon . | . . . Unidentified Prototypes 1 | . . 1 Parts Lost 9 | . . 9 Power . | . . . Propulsion 3 | . . 3 Utility 3 | . . 3 Weapon 3 | . . 3 Highest Loss Streak 6 | . . 6 To Critical Strikes . | . . . Average Slot Usage (%) 96 | . 100 93 Engine 12 | . 14 11 Treads 21 | . 28 16 Wheel 1 | . . 3 Device 15 | . 14 17 Storage 12 | . 14 11 Protection 6 | . . 11 Energy Gun 20 | . 25 16 Ballistic Gun 2 | . 2 2 Ballistic Cannon 1 | . . 2 Peak Build Rating 13 | 7 9 13 Average Rating 8 | 6 7 11 On Entrance 5 | . 7 9 Naked Turns . | . . . Heaviest Build 19 | 14 15 19 Greatest Support 40 | 40 40 40 Greatest Overweight (x) 6 | 1 . 6 Average Overweight (x) . | . . . Largest Inventory Capacity 8 | 8 8 8 Average Capacity 7 | 7 8 8 Most Carried 8 | 3 8 8 Average Carried 4 | 2 4 5 Final Capacity 8 | 8 8 8 Final Carried 8 | 3 8 4 Class Distribution -------------------- 89% | Mutant 10% | Scavenger-Mutant Dominant Class ---------------- Mutant | -10/Materials Mutant | -9/Materials Resources | -11 -10 -9 ----------- Run | Yrd Mat Mat Matter Collected 625 | 270 21 334 Remotely . | . . . Salvage Created 987 | 208 45 734 Parts 94 | 25 5 64 Haulers Intercepted 1 | . . 1 Recyclers Shooed 2 | . . 2 Parts Field Recycled . | . . . Retrieved Matter . | . . . Parts Self-Destructed . | . . . Prevented . | . . . Kills | -11 -10 -9 ------- Run | Yrd Mat Mat Combat Hostiles Destroyed 20 | . 3 17 Guns 15 | . 3 12 Cannons 2 | . . 2 AOE 3 | . . 3 Classes Destroyed 11 | 2 1 8 Worker 8 | 1 1 6 Builder 3 | . . 3 Tunneler 9 | 9 . . Hauler 1 | . . 1 Operator 1 | . . 1 Watcher 1 | . . 1 Swarmer 7 | . 3 4 Grunt 9 | . . 9 Brawler 1 | . . 1 Duelist 1 | . . 1 Sentry 2 | . . 2 Best Kill Streak 6 | 2 3 6 Combat Bots Only 4 | . 3 4 Max Kills in Single Turn 4 | 1 2 4 Gunslinging 1 | . 1 . Exploded 2 | . . 2 Melee . | . . . Uniques/NPCs Destroyed . | . . . Combat | -11 -10 -9 -------- Run | Yrd Mat Mat Hostile Shots Fired 128 | . 15 113 Missed 39 | . 6 33 Damage Taken 1532 | . 74 1458 Core 408 | . . 408 Absorbed by Shields . | . . . Redirected to Shielding 53 | . . 53 Core Remaining (%) 100 | 100 100 . Volleys Fired 125 | 39 12 74 Largest 2 | 1 2 2 Hottest 85 | 40 80 85 Shots Fired 207 | 39 23 145 Gun 184 | 39 23 122 Cannon 20 | . . 20 Launcher 3 | . . 3 Special . | . . . Kinetic 48 | . 7 41 Thermal 140 | 39 16 85 Explosive 3 | . . 3 Electromagnetic 16 | . . 16 Robot Hit Streak 14 | 7 4 14 Robot Miss Streak 4 | 3 4 4 Penetration Max . | . . . Secondary Targets 1 | . 1 . Max Gunslinging Chain 1 | . 1 . Shots Hit Robots 128 | 29 10 89 Core Hits 60 | 10 5 45 Critical Kills . | . . . Critical Parts Destroyed . | . . . Critical Strikes 1 | . . 1 Blast 1 | . . 1 Melee Attacks . | . . . Impact . | . . . Slashing . | . . . Piercing . | . . . Sneak Attacks . | . . . Combat Hostiles . | . . . Follow-up Attacks . | . . . Damage Inflicted 2086 | 331 142 1613 Guns 1426 | 331 142 953 Cannons 202 | . . 202 Explosions 456 | . . 456 Melee . | . . . Ramming 2 | . . 2 Kinetic 410 | . 78 332 Thermal 1031 | 331 64 636 Explosive 456 | . . 456 Electromagnetic 187 | . . 187 Impact . | . . . Slashing . | . . . Piercing . | . . . Highest Corruption 6 | . . 6 Average Corruption 4 | . . 4 Corruption Purged . | . . . Corruption Blocked . | . . . Effects 4 | . . 4 Message Errors 1 | . . 1 Heat Flow Errors 1 | . . 1 Data Loss (major) 1 | . . 1 Weapon Failures 1 | . . 1 Overload Shots . | . . . Overflow Damage 42 | . . 42 Projectiles . | . . . Explosions 42 | . . 42 Melee . | . . . Knockbacks 1 | . . 1 Impact . | . . . Kinetic 1 | . . 1 Secondary . | . . . Self-Inflicted Damage 123 | . . 123 Shots 3 | . . 3 Rammed 1 | . . 1 Targets Rammed 1 | . . 1 Kicked . | . . . Crushed . | . . . Highest Temperature 303 | . 36 303 Average Temperature 66 | . 14 70 Received Heat Transfer 345 | . . 345 Siege Activations . | . . . Robots Corrupted . | . . . Combat Hostiles . | . . . Parts Fried 1 | . . 1 Impact Corruptions . | . . . Robots Melted . | . . . Combat Hostiles . | . . . Parts Melted 6 | 1 . 5 Heat Transferred 2375 | 775 150 1450 Parts Sabotaged . | . . . Parts Stolen . | . . . Parts Stripped . | . . . Power Chain Reactions . | . . . Alert | -11 -10 -9 ------- Run | Yrd Mat Mat Peak Influence 277 | 45 108 277 Initial 5 | . 3 5 Average 64 | 12 53 108 Maximum Alert Level 1 | . . 1 Low Security (%) 93 | 100 100 84 Level 1 6 | . . 15 Level 2 . | . . . Level 3 . | . . . Level 4 . | . . . Level 5 . | . . . High Security . | . . . Max Security . | . . . Squads Dispatched 2 | . 1 1 Investigation . | . . . Extermination . | . . . Reinforcement 2 | . 1 1 Assault . | . . . Garrison . | . . . Intercept . | . . . Searches Triggered . | . . . Construction Impeded . | . . . Haulers Reinforced . | . . . Active Scanning Responses . | . . . Cargo Convoy Interrupts . | . . . Stealth | -11 -10 -9 --------- Run | Yrd Mat Mat Distress Signals 3 | . 1 2 Communications Jammed . | . . . Distress Signals . | . . . Times Spotted 36 | . 11 25 Peak Tracking Total 4 | . 4 4 Tactical Retreats 4 | . 2 2 Traps | -11 -10 -9 ------- Run | Yrd Mat Mat Traps Triggered . | . . . Indirectly . | . . . Trap Hack Attempts . | . . . Triggered . | . . . Disarmed . | . . . Reprogrammed . | . . . Reused . | . . . Traps Extracted . | . . . Installed . | . . . Triggered . | . . . Machines | -11 -10 -9 ---------- Run | Yrd Mat Mat Machines Disabled 1 | . . 1 Max in Single Turn 1 | . . 1 Machines Repaired . | . . . Machines Dismantled . | . . . Machines Sabotaged . | . . . Overloaded Fab Kills . | . . . Hacking | -11 -10 -9 --------- Run | Yrd Mat Mat Machines Accessed . | . . . Terminals . | . . . Fabricators . | . . . Repair Stations . | . . . Recycling Units . | . . . Scanalyzers . | . . . Garrison Access . | . . . Total Hacks . | . . . Successful . | . . . Failed . | . . . Catastrophic . | . . . Database Lockouts . | . . . Manual . | . . . Terminals . | . . . Fabricators . | . . . Repair Stations . | . . . Recycling Units . | . . . Scanalyzers . | . . . Garrison Access . | . . . Terminal Hacks . | . . . Fabricator Hacks . | . . . Repair Station Hacks . | . . . Recycling Unit Hacks . | . . . Scanalyzer . | . . . Garrison Access Hacks . | . . . Unauthorized Hacks . | . . . Terminals . | . . . Fabricators . | . . . Repair Stations . | . . . Recycling Units . | . . . Scanalyzers . | . . . Garrison Access . | . . . Data Cores Recovered . | . . . Used . | . . . Hacking Detections . | . . . Full Trace Events . | . . . Feedback Events . | . . . Feedback Blocked . | . . . Robot Schematics Acquired . | . . . Robots Built . | . . . Authchips . | . . . Time . | . . . Total Robot Build Rating . | . . . Part Schematics Acquired . | . . . Parts Built . | . . . Authchips . | . . . Time . | . . . Total Part Build Rating . | . . . Parts Repaired . | . . . Time . | . . . Parts Recycled . | . . . Recycled Matter . | . . . Retrieved Matter . | . . . Retrieved Components . | . . . Parts Scanalyzed . | . . . Part Schematics Acquired . | . . . Parts Damaged . | . . . Bothacking | -11 -10 -9 ------------ Run | Yrd Mat Mat Used RIF Installer . | . . . Robots Hacked . | . . . Non-combat . | . . . Combat . | . . . Robot Hacks Applied . | . . . Relay Couplers Released . | . . . Fabnet Peak Effective % . | . . . Robots Rewired . | . . . Allies Hacked . | . . . Hacks Repelled . | . . . Allies | -11 -10 -9 -------- Run | Yrd Mat Mat Total Allies . | . . . Largest Group . | . . . Highest-Rated Group . | . . . Highest-Rated Ally . | . . . Total Orders . | . . . Ally Attacks . | . . . Total Damage . | . . . Kills . | . . . Allies Corrupted . | . . . Allies Melted . | . . . Intel | -11 -10 -9 ------- Run | Yrd Mat Mat Robot Analysis Total . | . . . Derelict Logs Recovered . | . . . Drone Launches . | . . . Drone Recoveries . | . . . Exploration | -11 -10 -9 ------------- Run | Yrd Mat Mat Turns Passed 2065 | 586 647 832 Spaces Moved 919 | 309 315 295 Core 21 | 5 . 16 Treads 840 | 304 315 221 Legs . | . . . Wheels 58 | . . 58 Hover . | . . . Flight . | . . . Fastest Speed 50 | 50 160 80 Average Speed 157 | 158 160 152 Slowest Speed 350 | 160 160 350 Overloaded Moves . | . . . Propulsion Burnouts . | . . . Robots Hopped . | . . . Cave-ins Triggered 1 | . . 1 Exploration Rate (%) 26 | 13 39 28 Regions Visited 2 Branch Regions . Pre-discovered Areas . | . . . Known Exits Taken . | . . . Unknown Exits Taken 2 | 1 1 . Scrap Searched . | . . . Spaces Dug . | . . . Terrain Destroyed 31 | . . 31 Melee . | . . . Projectile . | . . . AOE 31 | . . 31 Terrain Rammed . | . . . Walls Destroyed . | . . . Machines Disabled . | . . . Actions | -11 -10 -9 --------- Run | Yrd Mat Mat Total 1326 | 362 435 529 Wait 232 | 5 99 128 Move 917 | 308 314 295 Hop . | . . . Pick Up 13 | 3 6 4 Fast Attach 14 | 7 . 7 Attach 6 | . . 6 Detach . | . . . Swap 8 | . 2 6 Drop 10 | . 2 8 Fire 125 | 39 12 74 Melee . | . . . Ram 1 | . . 1 Kick . | . . . Crush . | . . . Escape Stasis . | . . . Rewire . | . . . Trap . | . . . Miscellaneous . | . . . Route ------- -11/Scrapyard -10/Materials -9/Materials History --------- Turn | Location | Event 12 | -11/Scrapyard | Discovered new exit (range 16) 587 | -11/Scrapyard | Entered Materials 588 | -10/Materials | Build established: Mutant 1093 | -10/Materials | Discovered new exit (range 15) 1234 | -10/Materials | Entered another Materials area 1234 | -9/Materials | Evolved 2 slots: Utility x2 1876 | -9/Materials | Core integrity fell below 50% 1906 | -9/Materials | Lost 6 parts (2n1u3w) 1930 | -9/Materials | Crushed by falling debris 1930 | -9/Materials | Core integrity fell below 20% 2066 | -9/Materials | Destroyed by Y-45 Defender with Heavy Assault Rifle Last Messages --------------- 01990_ Acquired 51 matter. 01991_ K-01 Serf collects debris. 01993_ Acquired 19 matter. 01995_ Acquired 10 matter. 02022_ System corrupted: Heat flow error (+266). 02029_ G-34 Mercenary Aluminum Leg blasted off. 02029_ G-34 Mercenary destroyed. 02038_ K-01 Serf collects debris. 02042_ O-16 Technician: "IFF HANDSHAKE FAILED. SECURING TERMINAL." 02042_ G-34 Mercenary destroyed. 02043_ K-01 Serf collects debris. 02043_ O-16 Technician uses terminal to summon reinforcements. 02043_ ALERT: Hostiles spotted, dispatching reinforcements to Terminal M001. 02043_ O-16 Technician locks terminal. 02047_ Acquired 31 matter. 02048_ O-16 Technician destroyed. 02054_ Acquired 1 matter. 02058_ System corrupted: Lgt. Cannon jammed. 02063_ K-01 Serf collects debris. Map ----- +----------------------------------------------------+ | | | ?????????????????????????????????????????????????? | | ?????????????????????????????????????????????????? | | ?????????????????????????????????????????????????? | | ?????????????????????????????????????????????????? | | ?????????????????????????????????????????????????? | | ?????????????????????????????????????????????????? | | ?????????????????????????????????????????????????? | | ?????????????????????????????????????????????????? | | ?????????????????????????????????????????????????? | | ?????????????????????????????????????????????????? | | ?????????????????????????#???????????????????????? | | ?????????????????????????????????????????????????? | | ?????????????????????????????????????????????????? | | ???????????????????#????? ????? ?????????????????? | | ????????????????????# ?? ????????????????????????? | | ???????????????????????? ????????????????????????? | | ???????????????????????????? ????????????????????? | | ??????????????????#????? "?? ?????#??????????????? | | ???????????????#???????? ??????? #??????????????? | | ???????????????????????? ??? #?? #???#??????????? | | ????????????"""""????? ? ? ??? ##?##??????????? | | ??????????##""T""#######+##### ##????????????? | | ??????????? #?????????????? | | ??????????? % Y #?????????????? | | ?????????? "T" @ #?????????????? | | ?????????? =% #### ##????????????? | | ?????????? ^ / ##?#???###?#???????????? | | ???????????""" """" ###??#????#?#? ????????? | | ?????????? ?"" """" = #?#?#???#???????? ?????? | | ???????????""" """" %=######??#?#????????????? | | ???????? #############??????????? | | ???????? awr k +?? ? ????? | | ?????????#+#############+######### #??????????? | | ???????????? ? ?#??# !=% ##?## # ???????#?? | | ??????????? ??? ??## """ #?### #?#????????? | | ???????????? ? #??# """"" ##?## #########??? | | ?????????????????### """"" ##### # #??? | | ???????????? ?? ?#?# """"" + %+ "T" #??? | | ???????????? ????### """ ######## # ##?? | | ???????????? ?#??# %# %=!# ############ | | ????????????????##?# ! #"""=| "*[ | | ????????????##????############"" *=#! | | ??????????????#?######?##?####""!! # | | ????????????????#?##?#??#?#?## **!*# % | | ??????????? ????##?##?#?###### *|!%# | | ??????????????????????#?############# | | ???????????????#?#?#?#?## %% %%[ ####### ### | | ??????????????#????#????# #####=########????#? #?? | | ??????????T?????????#??## #?### == ##???????+?? | +----------------------------------------------------+ Best States ------------- Heat Dissipation 28 Energy Generation 12 Energy Capacity 265 Matter Stores 300 Matter Capacity 300 Sight Range 16 Terrain Scan Range 16 Terrain Scan Density 85 Armor Coverage 150 Core Shielding 20 Evasion (%) 44 Recoil Reduction 2 Item Schematics ----------------- None Robot Schematics ------------------ None Fabricated ------------ Nothing Alien Tech Used ----------------- None Achievements -------------- None Challenges ------------ None Game ------ Seed CooledParticleInterpreter Manual? 0 Play Time 00:13:33 Cumulative 13.7 hours Start 2025.01.07 @ 14:14:27 End 2025.01.07 @ 14:26:10 Sessions 1 Manual Loads 0 Difficulty Rogue Special Mode None Game No. 39 Rogue 39 Adventurer 0 Explorer 0 Win Type - Total 0 Types 0/0/0/0/0/0/0/0/0 Lore% 5 Gallery% 23 Achievement% 19 Wizard Run 0 Options --------- Layout 0 ASCII 0 Keyboard 0 Movement Numpad Keybinds 0 Fullscreen 2 Font 18/Terminus Map View 76x50 Zoom Use 0% Tactical HUD 1 Map Filters NONE Filters NONE Steam 1 RUN: 897a5e67-5754-4e61-b5b8-9996b73d9d55